Map: Ascension to Aiur LE

Players

ZhuGeLiang - Winner!

  • Race: Zerg Zerg
  • Spawn Location: 11:00

HuShang

  • Race: Protoss Protoss
  • Spawn Location: 5:00

Event: WCS Montreal 2017

VOD

Have the link to the VOD?

Description

Time

  • Played on: Sept. 8, 2017, 2:30 p.m.
  • Length: 7:50

All games in this series

Show
View Real Time Build Order
Export as new Build Order

ZhuGeLiang Zerg - Winner!

Build Orders: Hatch First 

Get SALT Encoding   

  12  0:00  Drone  
  13  0:12  Overlord  
  13  0:17  Drone  
  14  0:30  Drone x2  
  14  0:34  Drone  
  17  0:51  Hatchery  
  17  0:55  Drone  
  17  0:58  Drone  
  18  1:09  Extractor  
  17  1:13  Spawning Pool  
  17  1:16  Drone  
  17  1:19  Drone  
  18  1:28  Drone  
  19  1:39  Overlord  
  19  1:49  Drone  
  20  1:59  Queen  
  20  2:00  Zergling x2  
  23  2:03  Queen  
  23  2:04  Zergling x2  
  26  2:08  Metabolic Boost  
  26  2:11  Drone  
  26  2:15  Drone  
  28  2:24  Drone  
  28  2:25  Drone  
  30  2:32  Drone  
  31  2:40  Hatchery  
  30  2:48  Pneumatized Carapace  
  30  2:51  Overlord  
  29  2:53  Drone  
  29  2:54  Drone  
  31  3:07  Drone x4  
  35  3:15  Drone x5  
  35  3:17  Drone  
  41  3:21  Overlord  
  41  3:25  Drone  
  42  3:30  Drone  
  42  3:33  Drone  
  44  3:40  Drone  
  44  3:41  Queen, Drone x2  
  47  3:43  Drone  
  47  3:46  Drone  
  51  3:50  Lair  
  51  3:51  Overlord, Drone  
  52  3:56  Queen  
  52  3:58  Drone  
  55  4:03  Extractor, Drone  
  55  4:04  Extractor, Drone x2  
  55  4:05  Drone  
  55  4:08  Overlord  
  57  4:14  Drone  
  57  4:15  Overlord  
  58  4:19  Drone  
  58  4:23  Overlord  
  59  4:24  Spore Crawler  
  59  4:25  Spore Crawler  
  59  4:27  Spore Crawler  
  59  4:28  Zergling x8  
  60  4:37  Zergling x2  
  60  4:38  Zergling x6  
  65  4:42  Zergling x4  
  67  4:46  Zergling x8  
  67  4:49  Overseer  
  71  4:53  Hydralisk Den  
  71  4:58  Evolution Chamber  
  69  5:01  Overlord  
  69  5:06  Drone  
  72  5:07  Drone x5  
  72  5:08  Overlord  
  72  5:14  Overlord  
  75  5:22  Drone x2  
  75  5:23  Drone x5  
  75  5:25  Extractor, Muscular Augments, Zerg Missile Weapons Level 1  
  75  5:26  Hydralisk x2  
  85  5:40  Hydralisk x3  
  88  5:43  Zergling x2  
  88  5:44  Zergling x8  
  88  5:48  Hydralisk  
  95  5:50  Zergling x2  
  95  5:54  Hydralisk  
  95  5:56  Zergling x6  
  99  6:02  Hydralisk x2  
  95  6:04  Zergling x2  
  87  6:12  Hydralisk  
  87  6:16  Zergling x10  
  89  6:23  Extractor  
  87  6:26  Drone  
  88  6:34  Overlord x3  
  88  6:37  Extractor  
  88  6:39  Hydralisk x2  
  91  6:49  Hydralisk  
  91  6:50  Hydralisk x5  
  103  6:54  Drone  
  103  7:00  Hydralisk x2  
  103  7:01  Hydralisk  
  108  7:03  Zergling x2  
  108  7:08  Hydralisk x2  
  113  7:11  Zergling x8  
  119  7:15  Hatchery  
  119  7:19  Hydralisk x4  
  119  7:21  Zergling x2  
  119  7:22  Zergling x4  
  129  7:24  Hydralisk  
  129  7:25  Hydralisk  
Show
View Real Time Build Order
Export as new Build Order

HuShang Protoss 

Build Orders: 1 Gate Expand, Zealot Archon, Archon Drop, Dark Templar Rush 

Get SALT Encoding   

  12  0:01  Probe (Chrono Boost)  
  13  0:11  Probe (Chrono Boost)  
  14  0:20  Pylon  
  14  0:22  Probe (Chrono Boost)  
  15  0:38  Probe (Chrono Boost)  
  15  0:39  Gateway  
  16  0:45  Assimilator  
  16  0:49  Probe (Chrono Boost)  
  17  0:59  Probe (Chrono Boost)  
  18  1:10  Probe (Chrono Boost)  
  19  1:20  Probe (Chrono Boost)  
  19  1:25  Nexus  
  20  1:34  Cybernetics Core  
  20  1:37  Probe (Chrono Boost)  
  21  1:43  Assimilator  
  21  1:48  Probe (Chrono Boost)  
  21  1:52  Pylon  
  22  1:58  Probe (Chrono Boost)  
  23  2:10  Probe, Adept (Chrono Boost)  
  23  2:11  Warp Gate  
  26  2:23  Mothership Core  
  28  2:35  Probe  
  29  2:44  Probe (Chrono Boost)  
  29  2:45  Twilight Council  
  29  2:47  Probe (Chrono Boost)  
  31  2:55  Probe (Chrono Boost)  
  33  2:58  Probe (Chrono Boost)  
  33  3:06  Probe (Chrono Boost)  
  33  3:09  Probe (Chrono Boost)  
  35  3:16  Probe (Chrono Boost), Robotics Facility  
  35  3:19  Probe (Chrono Boost)  
  37  3:27  Probe (Chrono Boost)  
  37  3:30  Probe (Chrono Boost), Dark Shrine  
  39  3:38  Probe (Chrono Boost)  
  39  3:40  Probe (Chrono Boost), Gateway  
  41  3:41  Gateway  
  41  3:42  Gateway  
  42  3:48  Probe (Chrono Boost)  
  42  3:51  Probe (Chrono Boost)  
  42  3:52  Pylon  
  43  3:58  Probe (Chrono Boost)  
  43  4:01  Probe (Chrono Boost)  
  45  4:06  Assimilator  
  45  4:07  Probe  
  46  4:10  Assimilator  
  46  4:11  Warp Prism (Chrono Boost)  
  46  4:13  Probe  
  46  4:15  Pylon  
  49  4:18  Probe  
  50  4:29  Pylon  
  51  4:34  Nexus  
  50  4:50  Dark Templar x2  
  50  4:51  Dark Templar x2  
  50  4:52  Probe  
  58  4:53  Probe  
  58  4:55  Archon x2  
  58  4:57  Observer (Chrono Boost)  
  61  5:02  Charge (Chrono Boost)  
  61  5:04  Probe  
  61  5:05  Probe  
  63  5:07  Pylon  
  63  5:16  Probe, Pylon  
  63  5:18  Probe  
  65  5:27  Gateway x2  
  65  5:29  Gateway  
  65  5:32  Gateway  
  65  5:42  Dark Templar x2, Zealot  
  69  5:43  Zealot  
  69  5:47  Archon  
  71  6:06  Zealot  
  71  6:07  Zealot  
  71  6:10  Warp Prism  
  61  6:18  Probe  
  61  6:20  Probe x2  
  61  6:22  Sentry x2  
  64  6:27  Sentry  
  64  6:28  Dark Templar x2, Zealot x3  
  76  6:37  Archon  
  75  6:41  Pylon  
  75  6:42  Pylon  
  75  6:46  Dark Templar x2  
  79  6:52  Archon  
  79  6:53  Zealot x4  
  87  7:06  Dark Templar  
  87  7:07  Dark Templar  
  91  7:11  Archon  
  91  7:18  Zealot x5  
  91  7:19  Zealot  
  77  7:38  Zealot x6  
  77  7:40  Zealot x2  
Tags
 
Add a new tag
Caveats
  • Supply blocks, unpowered buildings, or Contaminate may cause inaccurate times.
  • Supply counts are checked every 10 seconds.